Punishers vs Admirals
Created - April 24, 2023 at 19:12
Goals
|
| Punishers |
1 |
1 |
4 |
6 |
| Admirals |
0 |
2 |
0 |
2 |
|
Shots
|
| Punishers |
9 |
8 |
19 |
36 |
| Admirals |
7 |
10 |
7 |
24 |
|
1st period
1. Punishers , Anton Blidh 12 (John Quenneville 23, Carter Ashton 15) at 18:56 (PP)
Penalties :
Mark McNeill (Mil) for Tripping (Minor) at 14:33, Kristian Vesalainen (Mil) for Tripping (Minor) at 18:21, Anton Blidh (Pro) for Hooking (Minor) at 19:40
2nd period
2. Admirals , Reilly Walsh 2 (T.J Brodie 26, Markus Granlund 47) at 6:00
3. Admirals , Lucas Wallmark 11 (Brett Connolly 10, Ian Mitchell 4) at 9:51
4. Punishers , John Quenneville 10 (Carter Ashton 16) at 19:07
Penalties :
Tanner Jeannot (Pro) for Slashing (Minor) at 11:39
3rd period
5. Punishers , Carter Ashton 26 (Ben Betker 17) at 3:54 (PP)
6. Punishers , Carter Ashton 27 (John Quenneville 24) at 14:37
7. Punishers , Oskar Lindblom 23 (Austen Brassard 17, Ben Betker 18) at 16:54
8. Punishers , Phillip Danault 24 (Corey Tropp 47, Radek Faksa 60) at 18:59 (PP)
Penalties :
Nolan Vesey (Mil) for Tripping (Minor) at 3:24, Kevin Roy (Pro) for Interference (Minor) at 8:15, T.J Brodie (Mil) for Slashing (Minor) at 18:52
Goalie Stats
Daniel Altshuller (Pro), 22 saves from 24 shots - (0.917), W, 9-8-4, 60:00 minutes
Felix Sanstrom (Mil), 30 saves from 36 shots - (0.833), L, 9-10-1, 60:00 minutes
Players Stats for Punishers
Player Name G A P +/- PIM S H SB GA TA FO MP PP MP PK MP
------------------------------------------------------------------------------------
Alexander Nylander 0 0 0 0 0 0 0 0 0 0 0/0 0:00 0:00 0:00
Anton Blidh 1 0 1 1 2 4 1 0 0 0 0/0 17:11 1:06 0:58
Artem Zub 0 0 0 -1 0 2 0 5 0 0 0/0 27:55 2:19 3:38
Austen Brassard 0 1 1 0 0 3 2 0 0 0 0/0 11:15 0:00 0:00
Beck Malenstyn 0 0 0 0 0 0 0 0 0 0 0/0 0:00 0:00 0:00
Ben Betker 0 2 2 1 0 0 0 3 1 0 0/0 24:38 2:19 3:38
Ben Meyers 0 0 0 0 0 0 0 0 0 0 0/0 0:00 0:00 0:00
Brayden Pachal 0 0 0 0 0 0 1 1 0 0 0/0 3:27 0:00 0:00
Carson Meyer 0 0 0 0 0 2 0 1 0 0 0/0 8:47 0:00 0:00
Carter Ashton 2 2 4 1 0 3 1 0 0 0 0/0 17:08 1:06 1:22
Connor Clifton 0 0 0 0 0 1 0 1 0 0 0/0 12:14 0:00 0:00
Corey Tropp 0 1 1 0 0 3 1 0 1 0 1/1 20:57 2:05 3:10
Daniel Audette 0 0 0 0 0 1 1 2 0 0 1/2 8:47 0:00 0:00
Fredrik Claesson 0 0 0 1 0 0 3 1 0 0 0/0 19:46 0:52 2:19
John Hayden 0 0 0 0 0 0 0 0 0 0 0/0 0:00 0:00 0:00
John Quenneville 1 2 3 1 0 5 2 0 0 0 4/11 17:08 1:06 1:22
Kevin Roy 0 0 0 0 2 2 0 0 0 0 1/2 11:14 0:00 0:00
Kole Lind 0 0 0 0 0 0 0 0 0 0 0/0 0:00 0:00 0:00
Nicolas Roy 0 0 0 0 0 0 0 0 0 0 0/0 1:53 0:00 1:25
Niko Mikkola 0 0 0 0 0 0 1 0 0 1 0/0 12:14 0:00 0:00
Noah Juulsen 0 0 0 1 0 0 0 0 0 2 0/0 19:46 0:52 2:19
Oskar Lindblom 1 0 1 0 0 1 2 0 0 1 1/2 12:10 0:00 0:27
Phillip Danault 1 0 1 0 0 6 2 1 1 1 0/0 17:41 2:05 0:00
Radek Faksa 0 1 1 0 0 1 1 0 0 0 23/37 20:57 2:05 3:10
Tanner Jeannot 0 0 0 0 2 2 2 0 0 0 0/1 8:52 0:00 0:00
Players Stats for Admirals
Player Name G A P +/- PIM S H SB GA TA FO MP PP MP PK MP
------------------------------------------------------------------------------------
Andreas Englund 0 0 0 0 0 1 0 0 0 1 0/0 16:15 0:13 2:01
Anton Gustafsson 0 0 0 -1 0 2 1 0 0 1 12/30 20:46 3:29 0:13
Brett Connolly 0 1 1 1 0 2 1 0 0 0 0/0 11:40 0:08 0:00
Christian Djoos 0 0 0 -1 0 0 0 0 0 0 0/0 6:51 0:00 1:17
Hunter Shinkaruk 0 0 0 -1 0 1 1 1 2 0 0/0 17:23 2:20 0:45
Ian Mitchell 0 1 1 -1 0 1 2 1 0 1 0/0 22:54 3:33 0:00
Joel Armia 0 0 0 -1 0 3 1 0 0 0 1/4 20:33 3:29 0:00
Joni Ikonen 0 0 0 0 0 1 0 0 0 0 2/2 7:58 0:00 0:00
Josh Norris 0 0 0 -1 0 0 1 0 0 0 7/12 17:04 2:20 0:38
Josh Wesley 0 0 0 -1 0 0 0 0 0 0 0/0 5:34 0:00 0:00
Kristian Vesalainen 0 0 0 0 2 0 1 0 0 0 0/0 7:57 0:00 0:00
Lucas Wallmark 1 0 1 1 0 2 1 2 0 0 3/8 14:04 0:00 2:14
Mark McNeill 0 0 0 -1 2 4 1 1 1 0 0/0 15:33 0:08 0:59
Markus Granlund 0 1 1 -1 0 0 2 2 0 0 0/0 21:53 3:29 1:20
Mattias Backman 0 0 0 1 0 0 0 2 0 0 0/0 14:07 2:11 0:00
Nolan Vesey 0 0 0 1 2 1 1 0 1 0 0/0 11:39 0:08 0:00
Olli Juolevi 0 0 0 0 0 3 0 0 0 0 0/0 17:23 2:11 0:00
Reilly Walsh 1 0 1 1 0 1 0 1 0 0 0/0 12:39 0:00 1:54
Riley Barber 0 0 0 0 0 1 0 0 0 0 0/0 10:16 2:20 0:13
T.J Brodie 0 1 1 -1 2 1 2 4 1 0 0/0 24:16 3:46 1:10
3 Stars
1 - Carter Ashton (Pro)
2 - John Quenneville (Pro)
3 - Ben Betker (Pro)
Power Play
Punishers - 3 on 4 Attempt(s) - 75.00%
Admirals - 0 on 3 Attempt(s) - 0.00%
Penalty Kill
Punishers - 3 on 3 Attempt(s) - 100.00%
- Score 0 goal in Penalty Kill
Admirals - 1 on 4 Attempt(s) - 25.00%
- Score 0 goal in Penalty Kill
Team Stat
Punishers - Hits : 20 - Faceoff Wins : 31 - Blocked Shots : 15 - Penalty Minutes : 6
Admirals - Hits : 15 - Faceoff Wins : 25 - Blocked Shots : 14 - Penalty Minutes : 8
Official
Referees : Steve Kozari and Mitch Dunning
Linesman : Jonny Murray and David Brisebois
Game Notes
No Game Note
Finance
Level 1 -- Attendance: 1948 (97.40%) -- Ticket Income $68,180
Level 2 -- Attendance: 973 (97.30%) -- Ticket Income $14,595
Total Attendance: 2921 (97.37%)
Total Ticket Income: $82,775
Other Income: $4,139
Total Income: $86,914
Punishers
5 vs 5 Forward
Center Left Wing Right Wing Time % Phy DF OF
1 Radek Faksa Phillip Danault Corey Tropp 40 1 2 2
2 John Quenneville Anton Blidh Carter Ashton 30 1 2 2
3 Kevin Roy Oskar Lindblom Austen Brassard 20 1 2 2
4 Daniel Audette Tanner Jeannot Carson Meyer 10 1 2 2
5 vs 5 Defense
Defense Defense Time % Phy DF OF
1 Artem Zub Ben Betker 40 1 2 2
2 Noah Juulsen Fredrik Claesson 30 1 2 2
3 Connor Clifton Niko Mikkola 20 1 2 2
4 Brayden Pachal Artem Zub 10 1 2 2
PowerPlay Forward
Center Left Wing Right Wing Time % Phy DF OF
1 Radek Faksa Phillip Danault Corey Tropp 60 1 2 2
2 John Quenneville Anton Blidh Carter Ashton 40 1 2 2
PowerPlay Defense
Defense Defense Time % Phy DF OF
1 Artem Zub Ben Betker 60 1 2 2
2 Noah Juulsen Fredrik Claesson 40 1 2 2
Penalty Kill 4 Players Forward
Center Wing Time % Phy DF OF
1 Radek Faksa Corey Tropp 60 1 2 2
2 John Quenneville Carter Ashton 40 1 2 2
Penalty Kill 4 Players Defense
Defense Defense Time % Phy DF OF
1 Artem Zub Ben Betker 60 1 2 2
2 Noah Juulsen Fredrik Claesson 40 1 2 2
Penalty Kill - 3 Players Forward
Forward Time % Phy DF OF
1 Radek Faksa 60 1 2 2
2 Corey Tropp 40 1 2 2
Penalty Kill - 3 Players Defense
Defense Defense Time % Phy DF OF
1 Artem Zub Ben Betker 60 1 2 2
2 Noah Juulsen Fredrik Claesson 40 1 2 2
4 vs 4 Forward
Center Wing Time % Phy DF OF
1 Radek Faksa Corey Tropp 60 1 2 2
2 John Quenneville Carter Ashton 40 1 2 2
4 vs 4 Defense
Defense Defense Time % Phy DF OF
1 Artem Zub Ben Betker 60 1 2 2
2 Noah Juulsen Fredrik Claesson 40 1 2 2
Last Minutes Offensive
Center Left Wing Right Wing Defense Defense
Radek Faksa Phillip Danault Corey Tropp Artem Zub Ben Betker
Last Minutes Defensive
Center Left Wing Right Wing Defense Defense
Radek Faksa Phillip Danault Corey Tropp Artem Zub Ben Betker
Goaltenders
Starting : Daniel Altshuller
Backup : Louis Domingue
Extra Forwards
Normal : John Hayden, Kole Lind, Nicolas Roy - PP : John Hayden, Kole Lind - PK : Nicolas Roy
Extra Defensemen
Normal : Connor Clifton, Niko Mikkola, Brayden Pachal - PP : Connor Clifton - PK : Niko Mikkola, Brayden Pachal
Penalty Shots
Radek Faksa, Corey Tropp, John Quenneville, Carter Ashton, Phillip Danault
Scratches
Petr Kvaca (Healthy)
Admirals
5 vs 5 Forward
Center Left Wing Right Wing Time % Phy DF OF
1 Anton Gustafsson Markus Granlund Joel Armia 40 1 2 2
2 Josh Norris Hunter Shinkaruk Mark McNeill 30 1 2 2
3 Lucas Wallmark Nolan Vesey Brett Connolly 20 1 2 2
4 Joni Ikonen Kristian Vesalainen Riley Barber 10 1 2 2
5 vs 5 Defense
Defense Defense Time % Phy DF OF
1 T.J Brodie Ian Mitchell 40 1 2 2
2 Andreas Englund Olli Juolevi 30 1 2 2
3 Reilly Walsh Mattias Backman 20 1 2 2
4 Christian Djoos Josh Wesley 10 1 2 2
PowerPlay Forward
Center Left Wing Right Wing Time % Phy DF OF
1 Anton Gustafsson Markus Granlund Joel Armia 60 1 1 3
2 Josh Norris Hunter Shinkaruk Riley Barber 40 1 1 3
PowerPlay Defense
Defense Defense Time % Phy DF OF
1 T.J Brodie Ian Mitchell 60 1 1 3
2 Olli Juolevi Mattias Backman 40 1 1 3
Penalty Kill 4 Players Forward
Center Wing Time % Phy DF OF
1 Lucas Wallmark Mark McNeill 60 1 2 2
2 Anton Gustafsson Riley Barber 40 1 2 2
Penalty Kill 4 Players Defense
Defense Defense Time % Phy DF OF
1 Andreas Englund Reilly Walsh 60 1 3 1
2 T.J Brodie Christian Djoos 40 1 3 1
Penalty Kill - 3 Players Forward
Forward Time % Phy DF OF
1 Mark McNeill 60 1 2 2
2 Lucas Wallmark 40 1 2 2
Penalty Kill - 3 Players Defense
Defense Defense Time % Phy DF OF
1 Andreas Englund Reilly Walsh 60 1 2 2
2 T.J Brodie Christian Djoos 40 1 2 2
4 vs 4 Forward
Center Wing Time % Phy DF OF
1 Anton Gustafsson Markus Granlund 60 1 2 2
2 Lucas Wallmark Hunter Shinkaruk 40 1 2 2
4 vs 4 Defense
Defense Defense Time % Phy DF OF
1 T.J Brodie Ian Mitchell 60 1 2 2
2 Andreas Englund Mattias Backman 40 1 2 2
Last Minutes Offensive
Center Left Wing Right Wing Defense Defense
Anton Gustafsson Markus Granlund Joel Armia T.J Brodie Ian Mitchell
Last Minutes Defensive
Center Left Wing Right Wing Defense Defense
Lucas Wallmark Markus Granlund Mark McNeill Andreas Englund Reilly Walsh
Goaltenders
Starting : Felix Sanstrom
Backup : Tristan Jarry
Extra Forwards
Normal : Josh Norris, Lucas Wallmark, Brett Connolly - PP : Mark McNeill, Nolan Vesey - PK : Markus Granlund
Extra Defensemen
Normal : Olli Juolevi, Reilly Walsh, Ian Mitchell - PP : Olli Juolevi - PK : Christian Djoos, Reilly Walsh
Penalty Shots
Markus Granlund, Joel Armia, Josh Norris, Anton Gustafsson, Hunter Shinkaruk
Scratches
Alexandre Mallet (Healthy), Carl Dahlstrom (Healthy), Filip Chlapik (Healthy), Freddie Hamilton (Healthy), Mark MacMillan (Healthy)
Ryan Olsen (Healthy), Sergei Zborovskiy (Healthy), Stanislav Galiev (Healthy), Troy Bourke (Healthy), Kasper Bjorkqvist (Left Wrist Injury)
Carsen Twarynski (Healthy), Libor Hajek (Healthy), Linus Ullmark (Healthy)
% Time on Ice - Punishers
Lines # - Real PCT - Wanted PCT - Time Play
Normal Forward
1 - 32% - 40% - 16:10
2 - 29% - 30% - 14:40
3 - 22% - 20% - 11:15
4 - 17% - 10% - 8:47
Normal Defense
1 - 37% - 40% - 18:41
2 - 33% - 30% - 16:35
3 - 24% - 20% - 12:14
4 - 7% - 10% - 3:22
PP Forward
1 - 65% - 60% - 2:05
2 - 35% - 40% - 1:06
PP Defense
1 - 73% - 60% - 2:19
2 - 27% - 40% - 0:52
PK Forward
1 - 77% - 60% - 4:35
2 - 23% - 40% - 1:22
PK Defense
1 - 61% - 60% - 3:38
2 - 39% - 40% - 2:19
PK3 Forward
1 - 0% - 60%
2 - 0% - 40%
PK3 Defense
1 - 0% - 60%
2 - 0% - 40%
44 Forward
1 - 0% - 60%
2 - 0% - 40%
44 Defense
1 - 0% - 60%
2 - 0% - 40%
Last Minute Offensive - 0:00
Last Minute Defensive - 0:00
Total
Forward - 60:00
Defense - 60:00
|
% Time on Ice - Admirals
Lines # - Real PCT - Wanted PCT - Time Play
Normal Forward
1 - 34% - 40% - 17:30
2 - 28% - 30% - 14:06
3 - 22% - 20% - 11:18
4 - 16% - 10% - 7:58
Normal Defense
1 - 38% - 40% - 19:33
2 - 30% - 30% - 15:12
3 - 21% - 20% - 10:33
4 - 11% - 10% - 5:34
PP Forward
1 - 61% - 60% - 3:37
2 - 39% - 40% - 2:20
PP Defense
1 - 63% - 60% - 3:46
2 - 37% - 40% - 2:11
PK Forward
1 - 93% - 60% - 2:58
2 - 7% - 40% - 0:13
PK Defense
1 - 60% - 60% - 1:54
2 - 40% - 40% - 1:17
PK3 Forward
1 - 0% - 60%
2 - 0% - 40%
PK3 Defense
1 - 0% - 60%
2 - 0% - 40%
44 Forward
1 - 0% - 60%
2 - 0% - 40%
44 Defense
1 - 0% - 60%
2 - 0% - 40%
Last Minute Offensive - 0:00
Last Minute Defensive - 0:00
Total
Forward - 60:00
Defense - 60:00
|
Play-by-Play
1st period
0:01 of 1st period - Radek Faksa wins face-off versus Anton Gustafsson in neutral zone.
0:16 of 1st period - Slapshot by Joel Armia.
0:16 of 1st period - Stopped by Daniel Altshuller without a rebound.
0:17 of 1st period - Josh Norris wins face-off versus John Quenneville in Punishers zone.
0:18 of 1st period - Slapshot by Mark McNeill.
0:18 of 1st period - Shot Misses the Net.
1:05 of 1st period - Wrist shot by Corey Tropp.
1:05 of 1st period - Stopped by Felix Sanstrom with a rebound.
1:23 of 1st period - Snap shot by Corey Tropp.
1:23 of 1st period - Stopped by Felix Sanstrom with a rebound.
1:25 of 1st period - Slapshot by Fredrik Claesson.
1:25 of 1st period - Deflect By Daniel Audette.
1:25 of 1st period - Stopped by Felix Sanstrom with a rebound.
1:27 of 1st period - Wrist shot by Carson Meyer.
1:27 of 1st period - Shot Misses the Net.
1:29 of 1st period - Slapshot by Noah Juulsen.
1:29 of 1st period - Shot Blocked by T.J Brodie.
2:04 of 1st period - Icing by Ian Mitchell.
2:05 of 1st period - Kevin Roy wins face-off versus Lucas Wallmark in Admirals zone.
2:08 of 1st period - Wrist shot by Oskar Lindblom.
2:08 of 1st period - Shot Misses the Net.
2:32 of 1st period - Slapshot by T.J Brodie.
2:32 of 1st period - Stopped by Daniel Altshuller with a rebound.
2:34 of 1st period - Slapshot by T.J Brodie.
2:34 of 1st period - Shot Blocked by Ben Betker.
2:38 of 1st period - Snap shot by Lucas Wallmark.
2:38 of 1st period - Deflect By Nolan Vesey.
2:38 of 1st period - Shot Misses the Net.
2:38 of 1st period - Puck is out of play.
2:39 of 1st period - Anton Gustafsson wins face-off versus Radek Faksa in Punishers zone.
2:42 of 1st period - Wrist shot by Joel Armia.
2:42 of 1st period - Shot Misses the Net.
3:31 of 1st period - Snap shot by Riley Barber.
3:31 of 1st period - Shot Blocked by Carson Meyer.
3:33 of 1st period - Slapshot by Andreas Englund.
3:33 of 1st period - Shot Blocked by Connor Clifton.
3:51 of 1st period - Wrist shot by Radek Faksa.
3:51 of 1st period - Shot Misses the Net.
3:53 of 1st period - Snap shot by Corey Tropp.
3:53 of 1st period - Shot Misses the Net.
4:11 of 1st period - Snap shot by Brett Connolly.
4:11 of 1st period - Shot Misses the Net.
5:02 of 1st period - Mattias Backman is hit by Daniel Audette and loses puck.
5:19 of 1st period - Noah Juulsen is hit by Joel Armia and loses puck.
6:04 of 1st period - Slapshot by Riley Barber.
6:04 of 1st period - Shot Blocked by Artem Zub.
6:08 of 1st period - Snap shot by Riley Barber.
6:08 of 1st period - Stopped by Daniel Altshuller with a rebound.
6:39 of 1st period - Snap shot by Joel Armia.
6:39 of 1st period - Stopped by Daniel Altshuller with a rebound.
6:41 of 1st period - Wrist shot by Reilly Walsh.
6:41 of 1st period - Shot Blocked by Artem Zub.
6:47 of 1st period - Snap shot by Markus Granlund.
6:47 of 1st period - Shot Blocked by Artem Zub.
6:57 of 1st period - Snap shot by Carter Ashton.
6:57 of 1st period - Shot Misses the Net.
6:59 of 1st period - Snap shot by Kevin Roy.
6:59 of 1st period - Shot Blocked by Mark McNeill.
7:01 of 1st period - Snap shot by Austen Brassard.
7:01 of 1st period - Stopped by Felix Sanstrom with a rebound.
7:03 of 1st period - Slapshot by Ben Betker.
7:03 of 1st period - Shot Misses the Net.
7:05 of 1st period - Backhand shot by Austen Brassard.
7:05 of 1st period - Stopped by Felix Sanstrom without a rebound.
7:06 of 1st period - Anton Gustafsson wins face-off versus Radek Faksa in Admirals zone.
7:15 of 1st period - Slapshot by Anton Gustafsson.
7:15 of 1st period - Shot Misses the Net.
7:31 of 1st period - Connor Clifton is hit by Hunter Shinkaruk.
8:26 of 1st period - Olli Juolevi is hit by Brayden Pachal and loses puck.
8:37 of 1st period - Andreas Englund is hit by Tanner Jeannot and loses puck.
9:35 of 1st period - Snap shot by Radek Faksa.
9:35 of 1st period - Shot Blocked by Reilly Walsh.
9:37 of 1st period - Backhand shot by Ben Betker.
9:37 of 1st period - Shot Blocked by Mattias Backman.
9:57 of 1st period - Wrist shot by Joel Armia.
9:57 of 1st period - Shot Blocked by Daniel Audette.
9:59 of 1st period - Wrist shot by Mattias Backman.
9:59 of 1st period - Shot Blocked by Daniel Audette.
10:17 of 1st period - Wrist shot by Carter Ashton.
10:17 of 1st period - Shot Misses the Net.
10:40 of 1st period - Nolan Vesey is hit by Fredrik Claesson and loses puck.
10:45 of 1st period - Snap shot by Austen Brassard.
10:45 of 1st period - Deflect By Kevin Roy.
10:45 of 1st period - Deflect By Ian Mitchell.
10:45 of 1st period - Shot Misses the Net.
10:45 of 1st period - Puck is out of play.
10:46 of 1st period - Radek Faksa wins face-off versus Anton Gustafsson in Admirals zone.
10:56 of 1st period - Off-side.
10:57 of 1st period - Radek Faksa wins face-off versus Anton Gustafsson in neutral zone.
11:41 of 1st period - Andreas Englund is hit by Austen Brassard and loses puck.
12:52 of 1st period - Off-side.
12:53 of 1st period - Anton Gustafsson wins face-off versus John Quenneville in neutral zone.
13:29 of 1st period - Brett Connolly is hit by John Quenneville and loses puck.
13:44 of 1st period - Slapshot by John Quenneville.
13:44 of 1st period - Stopped by Felix Sanstrom with a rebound.
13:46 of 1st period - Wrist shot by Carter Ashton.
13:46 of 1st period - Shot Misses the Net.
13:48 of 1st period - Slapshot by Artem Zub.
13:48 of 1st period - Shot Blocked by Lucas Wallmark.
13:50 of 1st period - Wrist shot by Carter Ashton.
13:50 of 1st period - Shot Misses the Net.
13:52 of 1st period - Wrist shot by John Quenneville.
13:52 of 1st period - Deflect By Carter Ashton.
13:52 of 1st period - Shot Misses the Net.
13:52 of 1st period - Puck is out of play.
13:53 of 1st period - Anton Gustafsson wins face-off versus Radek Faksa in Admirals zone.
14:20 of 1st period - Niko Mikkola is hit by Ian Mitchell and loses puck.
14:33 of 1st period - Minor Penalty to Mark McNeill for Tripping.
14:34 of 1st period - Lucas Wallmark wins face-off versus Radek Faksa in Admirals zone.
14:49 of 1st period - Snap shot by Lucas Wallmark.
14:49 of 1st period - Stopped by Daniel Altshuller without a rebound.
14:50 of 1st period - Lucas Wallmark wins face-off versus Radek Faksa in Punishers zone.
14:51 of 1st period - Snap shot by Markus Granlund.
14:51 of 1st period - Shot Blocked by Artem Zub.
14:57 of 1st period - Snap shot by Phillip Danault.
14:57 of 1st period - Stopped by Felix Sanstrom without a rebound.
14:58 of 1st period - Radek Faksa wins face-off versus Lucas Wallmark in Admirals zone.
16:33 of 1st period - Penalty to Mark McNeill is over, Mark McNeill is back on ice.
16:40 of 1st period - Wrist shot by Mark McNeill.
16:40 of 1st period - Shot Misses the Net.
16:44 of 1st period - Snap shot by Mark McNeill.
16:44 of 1st period - Stopped by Daniel Altshuller without a rebound.
16:45 of 1st period - Joni Ikonen wins face-off versus Kevin Roy in Punishers zone.
17:11 of 1st period - Joel Armia is hit by John Quenneville and loses puck.
17:18 of 1st period - Snap shot by John Quenneville.
17:18 of 1st period - Stopped by Felix Sanstrom with a rebound.
18:21 of 1st period - Minor Penalty to Kristian Vesalainen for Tripping.
18:22 of 1st period - Radek Faksa wins face-off versus Lucas Wallmark in Admirals zone.
18:56 of 1st period - Snap shot by John Quenneville.
18:56 of 1st period - Deflect By Anton Blidh.
18:56 of 1st period - Goal by Anton Blidh - Punishers : 1 - Admirals : 0.
18:57 of 1st period - Anton Gustafsson wins face-off versus Radek Faksa in neutral zone.
19:05 of 1st period - Wrist shot by Anton Gustafsson.
19:05 of 1st period - Stopped by Daniel Altshuller with a rebound.
19:40 of 1st period - Minor Penalty to Anton Blidh for Hooking.
19:41 of 1st period - Radek Faksa wins face-off versus Anton Gustafsson in Punishers zone.
Goals for this period are 1 for Punishers vs 0 for Admirals.
Shots for this period are 9 for Punishers vs 7 for Admirals.
2nd period
0:01 of 2nd period - Radek Faksa wins face-off versus Joel Armia in neutral zone.
0:06 of 2nd period - Wrist shot by Corey Tropp.
0:06 of 2nd period - Shot Blocked by Ian Mitchell.
0:08 of 2nd period - Slapshot by Corey Tropp.
0:08 of 2nd period - Shot Misses the Net.
0:10 of 2nd period - Slapshot by Ben Betker.
0:10 of 2nd period - Shot Misses the Net.
0:16 of 2nd period - Snap shot by Radek Faksa.
0:16 of 2nd period - Stopped by Felix Sanstrom with a rebound.
0:26 of 2nd period - Radek Faksa is hit by Ian Mitchell and loses puck.
1:40 of 2nd period - Penalty to Anton Blidh is over, Anton Blidh is back on ice.
1:49 of 2nd period - Wrist shot by Brett Connolly.
1:49 of 2nd period - Shot Misses the Net.
1:51 of 2nd period - Wrist shot by Brett Connolly.
1:51 of 2nd period - Stopped by Daniel Altshuller with a rebound.
2:10 of 2nd period - Icing by Anton Blidh.
2:11 of 2nd period - Lucas Wallmark wins face-off versus Daniel Audette in Punishers zone.
2:14 of 2nd period - Wrist shot by Nolan Vesey.
2:14 of 2nd period - Stopped by Daniel Altshuller with a rebound.
2:40 of 2nd period - Snap shot by Radek Faksa.
2:40 of 2nd period - Shot Misses the Net.
2:42 of 2nd period - Slapshot by Connor Clifton.
2:42 of 2nd period - Shot Blocked by T.J Brodie.
2:44 of 2nd period - Snap shot by Corey Tropp.
2:44 of 2nd period - Shot Blocked by Lucas Wallmark.
2:46 of 2nd period - Wrist shot by Phillip Danault.
2:46 of 2nd period - Stopped by Felix Sanstrom without a rebound.
2:47 of 2nd period - Joel Armia wins face-off versus John Quenneville in Admirals zone.
3:12 of 2nd period - Hunter Shinkaruk is hit by Radek Faksa and loses puck.
3:35 of 2nd period - Fredrik Claesson is hit by Kristian Vesalainen and loses puck.
3:49 of 2nd period - Off-side.
3:50 of 2nd period - Daniel Audette wins face-off versus Joel Armia in neutral zone.
4:09 of 2nd period - Icing by Artem Zub.
4:10 of 2nd period - Josh Norris wins face-off versus Tanner Jeannot in Punishers zone.
4:40 of 2nd period - Off-side.
4:41 of 2nd period - Radek Faksa wins face-off versus Anton Gustafsson in neutral zone.
4:43 of 2nd period - Off-side.
4:44 of 2nd period - Radek Faksa wins face-off versus Anton Gustafsson in neutral zone.
5:06 of 2nd period - Icing by Noah Juulsen.
5:07 of 2nd period - Josh Norris wins face-off versus Radek Faksa in Punishers zone.
5:12 of 2nd period - Snap shot by Hunter Shinkaruk.
5:12 of 2nd period - Shot Blocked by Phillip Danault.
5:35 of 2nd period - Snap shot by John Quenneville.
5:35 of 2nd period - Stopped by Felix Sanstrom without a rebound.
5:36 of 2nd period - Anton Gustafsson wins face-off versus John Quenneville in Admirals zone.
5:36 of 2nd period - Anton Gustafsson is hit by Carter Ashton.
5:46 of 2nd period - John Quenneville is hit by T.J Brodie.
5:52 of 2nd period - Snap shot by Anton Gustafsson.
5:52 of 2nd period - Shot Misses the Net.
5:54 of 2nd period - Slapshot by Ian Mitchell.
5:54 of 2nd period - Deflect By Carter Ashton.
5:54 of 2nd period - Stopped by Daniel Altshuller with a rebound.
5:56 of 2nd period - Snap shot by Markus Granlund.
5:56 of 2nd period - Shot Misses the Net.
5:58 of 2nd period - Slapshot by T.J Brodie.
5:58 of 2nd period - Shot Blocked by Ben Betker.
6:00 of 2nd period - Slapshot by Reilly Walsh.
6:00 of 2nd period - Goal by Reilly Walsh - Punishers : 1 - Admirals : 1.
6:01 of 2nd period - Radek Faksa wins face-off versus Anton Gustafsson in neutral zone.
6:06 of 2nd period - Slapshot by Corey Tropp.
6:06 of 2nd period - Shot Misses the Net.
6:08 of 2nd period - Slapshot by Ben Betker.
6:08 of 2nd period - Deflect By Phillip Danault.
6:08 of 2nd period - Stopped by Felix Sanstrom with a rebound.
6:28 of 2nd period - Icing by Carter Ashton.
6:29 of 2nd period - John Quenneville wins face-off versus Josh Norris in Punishers zone.
6:51 of 2nd period - Wrist shot by Mark McNeill.
6:51 of 2nd period - Stopped by Daniel Altshuller with a rebound.
7:09 of 2nd period - Slapshot by Hunter Shinkaruk.
7:09 of 2nd period - Stopped by Daniel Altshuller with a rebound.
7:29 of 2nd period - Snap shot by Anton Blidh.
7:29 of 2nd period - Stopped by Felix Sanstrom with a rebound.
7:43 of 2nd period - Wrist shot by John Quenneville.
7:43 of 2nd period - Shot Hit the Post.
7:45 of 2nd period - Wrist shot by Carter Ashton.
7:45 of 2nd period - Shot Blocked by Hunter Shinkaruk.
7:47 of 2nd period - Slapshot by John Quenneville.
7:47 of 2nd period - Shot Misses the Net.
8:01 of 2nd period - Slapshot by Andreas Englund.
8:01 of 2nd period - Deflect By John Quenneville.
8:01 of 2nd period - Stopped by Daniel Altshuller without a rebound.
8:02 of 2nd period - Radek Faksa wins face-off versus Anton Gustafsson in Punishers zone.
8:49 of 2nd period - Noah Juulsen is hit by Anton Gustafsson and loses puck.
9:20 of 2nd period - Lucas Wallmark is hit by Oskar Lindblom.
9:26 of 2nd period - Kevin Roy is hit by Lucas Wallmark and loses puck.
9:37 of 2nd period - Slapshot by Nolan Vesey.
9:37 of 2nd period - Shot Misses the Net.
9:45 of 2nd period - Snap shot by Brett Connolly.
9:45 of 2nd period - Stopped by Daniel Altshuller with a rebound.
9:47 of 2nd period - Slapshot by Ian Mitchell.
9:47 of 2nd period - Shot Misses the Net.
9:49 of 2nd period - Snap shot by Brett Connolly.
9:49 of 2nd period - Shot Blocked by Artem Zub.
9:51 of 2nd period - Snap shot by Lucas Wallmark.
9:51 of 2nd period - Goal by Lucas Wallmark - Punishers : 1 - Admirals : 2.
9:52 of 2nd period - Radek Faksa wins face-off versus Anton Gustafsson in neutral zone.
10:17 of 2nd period - Carter Ashton is hit by T.J Brodie and loses puck.
11:25 of 2nd period - Wrist shot by Joel Armia.
11:25 of 2nd period - Shot Misses the Net.
11:39 of 2nd period - Minor Penalty to Tanner Jeannot for Slashing.
11:40 of 2nd period - Anton Gustafsson wins face-off versus Radek Faksa in Punishers zone.
12:14 of 2nd period - Off-side.
12:15 of 2nd period - Josh Norris wins face-off versus John Quenneville in neutral zone.
13:24 of 2nd period - Slapshot by Anton Blidh.
13:24 of 2nd period - Shot Misses the Net.
13:39 of 2nd period - Penalty to Tanner Jeannot is over, Tanner Jeannot is back on ice.
13:55 of 2nd period - Noah Juulsen is hit by Nolan Vesey and loses puck.
14:14 of 2nd period - Mattias Backman is hit by Fredrik Claesson and loses puck.
15:44 of 2nd period - Lucas Wallmark is hit by Oskar Lindblom and loses puck.
15:49 of 2nd period - Wrist shot by Oskar Lindblom.
15:49 of 2nd period - Shot Blocked by T.J Brodie.
15:51 of 2nd period - Snap shot by Austen Brassard.
15:51 of 2nd period - Shot Misses the Net.
16:20 of 2nd period - Hunter Shinkaruk is hit by Tanner Jeannot.
16:38 of 2nd period - Snap shot by Riley Barber.
16:38 of 2nd period - Shot Blocked by Fredrik Claesson.
16:55 of 2nd period - Off-side.
16:56 of 2nd period - Anton Gustafsson wins face-off versus Radek Faksa in neutral zone.
17:22 of 2nd period - John Quenneville is hit by Josh Norris and loses puck.
17:27 of 2nd period - Snap shot by Mark McNeill.
17:27 of 2nd period - Deflect By John Quenneville.
17:27 of 2nd period - Stopped by Daniel Altshuller without a rebound.
17:28 of 2nd period - Radek Faksa wins face-off versus Josh Norris in Punishers zone.
17:33 of 2nd period - Josh Norris is hit by Phillip Danault and loses puck.
17:46 of 2nd period - Corey Tropp is hit by Mark McNeill and loses puck.
17:59 of 2nd period - Wrist shot by Oskar Lindblom.
17:59 of 2nd period - Shot Misses the Net.
18:01 of 2nd period - Slapshot by Fredrik Claesson.
18:01 of 2nd period - Shot Blocked by Mattias Backman.
18:08 of 2nd period - Icing by Mattias Backman.
18:09 of 2nd period - John Quenneville wins face-off versus Josh Norris in Admirals zone.
18:10 of 2nd period - Slapshot by Carter Ashton.
18:10 of 2nd period - Stopped by Felix Sanstrom without a rebound.
18:11 of 2nd period - Anton Gustafsson wins face-off versus John Quenneville in Admirals zone.
18:18 of 2nd period - Off-side.
18:19 of 2nd period - John Quenneville wins face-off versus Anton Gustafsson in neutral zone.
18:22 of 2nd period - Snap shot by Anton Blidh.
18:22 of 2nd period - Deflect By John Quenneville.
18:22 of 2nd period - Shot Misses the Net.
18:22 of 2nd period - Puck is out of play.
18:23 of 2nd period - Corey Tropp wins face-off versus Anton Gustafsson in Admirals zone.
18:37 of 2nd period - Icing by T.J Brodie.
18:38 of 2nd period - Anton Gustafsson wins face-off versus Radek Faksa in Admirals zone.
18:49 of 2nd period - Snap shot by Markus Granlund.
18:49 of 2nd period - Shot Misses the Net.
19:07 of 2nd period - Snap shot by John Quenneville.
19:07 of 2nd period - Goal by John Quenneville - Punishers : 2 - Admirals : 2.
19:08 of 2nd period - Radek Faksa wins face-off versus Joel Armia in neutral zone.
19:11 of 2nd period - Snap shot by Markus Granlund.
19:11 of 2nd period - Shot Misses the Net.
19:35 of 2nd period - Wrist shot by Anton Blidh.
19:35 of 2nd period - Stopped by Felix Sanstrom with a rebound.
Goals for this period are 1 for Punishers vs 2 for Admirals.
Shots for this period are 8 for Punishers vs 10 for Admirals.
3rd period
0:01 of 3rd period - Anton Gustafsson wins face-off versus Radek Faksa in neutral zone.
0:04 of 3rd period - Corey Tropp is hit by Markus Granlund and loses puck.
0:11 of 3rd period - Snap shot by Anton Gustafsson.
0:11 of 3rd period - Stopped by Daniel Altshuller with a rebound.
0:13 of 3rd period - Snap shot by Joel Armia.
0:13 of 3rd period - Stopped by Daniel Altshuller with a rebound.
0:15 of 3rd period - Snap shot by Markus Granlund.
0:15 of 3rd period - Shot Blocked by Ben Betker.
0:25 of 3rd period - Hunter Shinkaruk is hit by Anton Blidh and loses puck.
1:11 of 3rd period - Wrist shot by Anton Gustafsson.
1:11 of 3rd period - Shot Misses the Net.
1:13 of 3rd period - Wrist shot by Olli Juolevi.
1:13 of 3rd period - Stopped by Daniel Altshuller without a rebound.
1:14 of 3rd period - Radek Faksa wins face-off versus Anton Gustafsson in Punishers zone.
1:29 of 3rd period - Snap shot by Anton Gustafsson.
1:29 of 3rd period - Shot Misses the Net.
2:08 of 3rd period - Snap shot by Kevin Roy.
2:08 of 3rd period - Stopped by Felix Sanstrom with a rebound.
3:24 of 3rd period - Minor Penalty to Nolan Vesey for Tripping.
3:25 of 3rd period - Radek Faksa wins face-off versus Lucas Wallmark in Admirals zone.
3:54 of 3rd period - Wrist shot by Carter Ashton.
3:54 of 3rd period - Goal by Carter Ashton - Punishers : 3 - Admirals : 2.
3:55 of 3rd period - Radek Faksa wins face-off versus Anton Gustafsson in neutral zone.
5:23 of 3rd period - Wrist shot by Carson Meyer.
5:23 of 3rd period - Stopped by Felix Sanstrom with a rebound.
5:25 of 3rd period - Slapshot by Connor Clifton.
5:25 of 3rd period - Stopped by Felix Sanstrom with a rebound.
5:27 of 3rd period - Wrist shot by Niko Mikkola.
5:27 of 3rd period - Shot Misses the Net.
5:29 of 3rd period - Slapshot by Carson Meyer.
5:29 of 3rd period - Stopped by Felix Sanstrom with a rebound.
5:31 of 3rd period - Slapshot by Tanner Jeannot.
5:31 of 3rd period - Stopped by Felix Sanstrom without a rebound.
5:32 of 3rd period - Josh Norris wins face-off versus Radek Faksa in Admirals zone.
5:41 of 3rd period - Slapshot by Olli Juolevi.
5:41 of 3rd period - Stopped by Daniel Altshuller with a rebound.
5:43 of 3rd period - Wrist shot by Josh Norris.
5:43 of 3rd period - Deflect By Mark McNeill.
5:43 of 3rd period - Shot Misses the Net.
5:43 of 3rd period - Puck is out of play.
5:44 of 3rd period - Anton Gustafsson wins face-off versus Radek Faksa in Punishers zone.
7:15 of 3rd period - Niko Mikkola is hit by Markus Granlund and loses puck.
7:40 of 3rd period - Snap shot by Mark McNeill.
7:40 of 3rd period - Shot Blocked by Brayden Pachal.
8:12 of 3rd period - Snap shot by Austen Brassard.
8:12 of 3rd period - Stopped by Felix Sanstrom with a rebound.
8:14 of 3rd period - Slapshot by Artem Zub.
8:14 of 3rd period - Stopped by Felix Sanstrom without a rebound.
8:15 of 3rd period - Oskar Lindblom wins face-off versus Anton Gustafsson in Admirals zone.
8:15 of 3rd period - Minor Penalty to Kevin Roy for Interference.
8:16 of 3rd period - Radek Faksa wins face-off versus Anton Gustafsson in Punishers zone.
10:15 of 3rd period - Penalty to Kevin Roy is over, Kevin Roy is back on ice.
10:24 of 3rd period - Kevin Roy is hit by Brett Connolly and loses puck.
10:39 of 3rd period - Riley Barber is hit by Fredrik Claesson and loses puck.
11:31 of 3rd period - Wrist shot by Tanner Jeannot.
11:31 of 3rd period - Stopped by Felix Sanstrom with a rebound.
12:41 of 3rd period - Wrist shot by Markus Granlund.
12:41 of 3rd period - Shot Misses the Net.
13:00 of 3rd period - Riley Barber is hit by Niko Mikkola and loses puck.
13:39 of 3rd period - Slapshot by Artem Zub.
13:39 of 3rd period - Stopped by Felix Sanstrom with a rebound.
14:17 of 3rd period - Andreas Englund is hit by Phillip Danault and loses puck.
14:37 of 3rd period - Snap shot by Carter Ashton.
14:37 of 3rd period - Goal by Carter Ashton - Punishers : 4 - Admirals : 2.
14:38 of 3rd period - Radek Faksa wins face-off versus Anton Gustafsson in neutral zone.
14:41 of 3rd period - Wrist shot by Phillip Danault.
14:41 of 3rd period - Stopped by Felix Sanstrom with a rebound.
14:43 of 3rd period - Slapshot by Ben Betker.
14:43 of 3rd period - Shot Hit the Post.
15:12 of 3rd period - Wrist shot by Olli Juolevi.
15:12 of 3rd period - Stopped by Daniel Altshuller with a rebound.
16:09 of 3rd period - Slapshot by Mark McNeill.
16:09 of 3rd period - Stopped by Daniel Altshuller with a rebound.
16:20 of 3rd period - Icing by Corey Tropp.
16:21 of 3rd period - Joni Ikonen wins face-off versus John Quenneville in Punishers zone.
16:24 of 3rd period - Wrist shot by Joni Ikonen.
16:24 of 3rd period - Stopped by Daniel Altshuller with a rebound.
16:54 of 3rd period - Snap shot by Oskar Lindblom.
16:54 of 3rd period - Goal by Oskar Lindblom - Punishers : 5 - Admirals : 2.
16:55 of 3rd period - Radek Faksa wins face-off versus Anton Gustafsson in neutral zone.
17:08 of 3rd period - Wrist shot by Corey Tropp.
17:08 of 3rd period - Shot Blocked by T.J Brodie.
17:10 of 3rd period - Wrist shot by Radek Faksa.
17:10 of 3rd period - Shot Misses the Net.
17:20 of 3rd period - T.J Brodie is hit by Austen Brassard and loses puck.
17:27 of 3rd period - Slapshot by Kevin Roy.
17:27 of 3rd period - Stopped by Felix Sanstrom without a rebound.
17:28 of 3rd period - Radek Faksa wins face-off versus Josh Norris in Admirals zone.
17:29 of 3rd period - Slapshot by Corey Tropp.
17:29 of 3rd period - Stopped by Felix Sanstrom without a rebound.
17:30 of 3rd period - Josh Norris wins face-off versus Radek Faksa in Admirals zone.
17:30 of 3rd period - Josh Norris is hit by Corey Tropp.
18:24 of 3rd period - Snap shot by Daniel Audette.
18:24 of 3rd period - Shot Blocked by Markus Granlund.
18:26 of 3rd period - Wrist shot by Tanner Jeannot.
18:26 of 3rd period - Shot Blocked by Markus Granlund.
18:49 of 3rd period - Icing by Artem Zub.
18:50 of 3rd period - Josh Norris wins face-off versus Oskar Lindblom in Punishers zone.
18:52 of 3rd period - Minor Penalty to T.J Brodie for Slashing.
18:53 of 3rd period - Radek Faksa wins face-off versus Lucas Wallmark in Admirals zone.
18:57 of 3rd period - Slapshot by Phillip Danault.
18:57 of 3rd period - Shot Misses the Net.
18:59 of 3rd period - Wrist shot by Phillip Danault.
18:59 of 3rd period - Goal by Phillip Danault - Punishers : 6 - Admirals : 2.
19:00 of 3rd period - Radek Faksa wins face-off versus Anton Gustafsson in neutral zone.
19:03 of 3rd period - Snap shot by Artem Zub.
19:03 of 3rd period - Deflect By Phillip Danault.
19:03 of 3rd period - Stopped by Felix Sanstrom with a rebound.
19:16 of 3rd period - Off-side.
19:17 of 3rd period - John Quenneville wins face-off versus Josh Norris in neutral zone.
19:28 of 3rd period - Snap shot by Anton Blidh.
19:28 of 3rd period - Stopped by Felix Sanstrom with a rebound.
19:30 of 3rd period - Wrist shot by John Quenneville.
19:30 of 3rd period - Stopped by Felix Sanstrom with a rebound.
19:32 of 3rd period - Slapshot by Ben Betker.
19:32 of 3rd period - Shot Misses the Net.
Goals for this period are 4 for Punishers vs 0 for Admirals.
Shots for this period are 19 for Punishers vs 7 for Admirals.